 Dungeon Crawl Stone Soup version 0.30.1-3-gfc49f6343a (webtiles) character file.

Game seed: 8034051243545448274

333 Silwen1911 the Caller (level 6, 0/46 HPs)
             Began as a Draconian Summoner on Aug 3, 2023.
             Slain by Grinder (5 damage)
             ... while paralysed by Grinder
             ... on level 3 of the Dungeon.
             The game lasted 00:41:20 (3671 turns).

Silwen1911 the Caller (Draconian Summoner)          Turns: 3671, Time: 00:41:21

Health: 0/46       AC:  6    Str: 20      XL:     6   Next: 27%
Magic:  11/11      EV:  2    Int: 15      God:
Gold:   133        SH:  0    Dex:  9 (11) Spells: 9/12 levels left

rFire   + . .        e - +0 scythe
rCold   . . .        (shield currently unavailable)
rNeg    . . .        (body armour unavailable)
rPois   .            (helmet restricted)
rElec   .            (no cloak)
rCorr   .            (no gloves)
SInv    .            (no boots)
Will    .....        d - amulet of Kutsaotz {RegenMP Str+3}
Stlth   ++           h - +6 ring of strength
HPRegen 0.27/turn    (no ring)
MPRegen 0.52/turn

%: no passive effects
@: paralysed, hasted
A: AC +6, unfitting armour, cold-blooded, fire resistance 1, weak 1
a: no special abilities


You were on level 3 of the Dungeon.
You visited 1 branch of the dungeon, and saw 3 of its levels.

You collected 133 gold pieces.

Inventory:

Hand Weapons
 e - a +0 scythe (weapon)
 i - a +0 trident
 l - a +0 hand axe
 o - a +0 short sword of electrocution
Missiles
 b - a curare-tipped dart (quivered)
Armour
 j - a +0 plate armour
Jewellery
 d - the amulet of Kutsaotz (around neck) {RegenMP Str+3}
   (You acquired it on level 3 of the Dungeon)

   [amulet of magic regeneration]

   It increases your rate of magic regeneration.
   Str:       It affects your strength (+3).
 h - a +6 ring of strength (left hand)
Wands
 n - a wand of flame (23)
Potions
 a - a potion of magic
 f - 2 potions of degeneration
 m - a potion of haste


   Skills:
 + Level 0.7 Fighting
 + Level 0.6(0.8) Axes
 + Level 0.5(0.8) Polearms
 + Level 1.2 Throwing
 + Level 2.5 Dodging
 + Level 2.4 Stealth
 + Level 0.2 Unarmed Combat
 + Level 3.5 Spellcasting
 + Level 5.6 Summonings


You had 9 spell levels left.
You knew the following spells:

 Your Spells              Type           Power      Damage    Failure   Level
a - Summon Small Mammal   Summ           76%        N/A       1%          1
b - Call Imp              Summ           38%        N/A       2%          2

Your spell library contained the following spells:

 Spells                   Type           Power      Damage    Failure   Level
 Call Canine Familiar     Summ           19%        N/A       5%          3
 Sandblast                Erth           4%         2d4       19%         1
 Summon Guardian Golem    Hex/Summ       11%        N/A       19%         3
 Passwall                 Tmut/Erth      1%         N/A       28%         2
 Stone Arrow              Conj/Erth      4%         3d7       50%         3
 Summon Lightning Spire   Summ/Air       11%        N/A       52%         4


Dungeon Overview and Level Annotations

Branches:
Dungeon (3/15)

Altars:

Annotations:
D:3 1 runed translucent door, Grinder; jtron's ghost, weakling DESu


Innate Abilities, Weirdness & Mutations

Your plain brown scales are hard. (AC +6)
You cannot fit into any form of body armour.
You are cold-blooded and may be slowed by cold attacks.
Your flesh is heat resistant. (rF+)
You are weak. (Str -2)


Message History

Your cerulean imp disappears in a puff of smoke!
There are no items here.
Casting: Call Imp (safe; 2% risk of failure)
Confirm with . or Enter, or press ? or * to list all spells.
You miscast Call Imp.
You are very lightly contaminated with residual magic.
Nothing appears to happen.
Grinder shouts!
Aiming: Throw Flame
Press: ? - help, Q - select action, (/) - cycle Shift-Dir - straight line, f/p - Grinder
Aim: Grinder (severely wounded, 64% to hit)
The puff of flame hits Grinder.
Grinder is severely wounded.
Grinder blinks!
Casting: Call Imp (safe; 2% risk of failure)
Confirm with . or Enter, or press ? or * to list all spells.
A tiny devil pulls itself out of the air.
Your cerulean imp says, "I'm here!"
You hit Grinder.
Grinder is almost dead.
Grinder says, "DUCK!"
Grinder hits you!
Your cerulean imp completely misses Grinder.
Grinder gestures at you. Pain shoots through your body!
Grinder gestures at you. Pain shoots through your body!
* * * LOW HITPOINT WARNING * * *
Throw: 2 darts (curare)
Press: ? - help, Q - select action, (/) - cycle Shift-Dir - straight line, f/p - Grinder
Aim: Grinder (almost dead, 47% to hit)
You throw a curare-tipped dart.
The curare-tipped dart completely misses Grinder.
Grinder says, "Tell me all your secrets, or I'll kill you."
Grinder gestures at you.
You suddenly lose the ability to move!
Your magical contamination has completely faded away.
Grinder blinks!
Grinder hits you.
You die...

# ###.#.....##
#######.#.###.####
......#.#...#....#
#####.#.###.####.#
#...#.#.# #.# #§####
#.#.#.#.# #.# #...5#
....#.#.###.# ####.#
..###.#...#.#######(#
#...÷..........5@5§.#
#.###.###)#.#########
#.# #.#...#.# #.#
#.#.....#
#.###.####### ......#
..##### ###


You could see Grinder (ally target) and a friendly cerulean imp (summoned).

Vanquished Creatures
  Sigmund (D:3)
  An adder (D:3)
  2 worms
  A dart slug (D:1)
  3 orcs (D:3)
  2 ball pythons (D:1)
  2 bats (D:2)
  2 endoplasms
  2 giant cockroaches
  2 goblins
  4 hobgoblins
  2 quokkas (D:1)
  3 frilled lizards
  2 kobolds (D:3)
  4 rats
33 creatures vanquished.

Vanquished Creatures (collateral kills)
  Natasha (thrice) (D:2 D:3)
  2 adders (D:2)
  A worm (D:2)
  A dart slug (D:1)
  4 orcs (D:3)
  3 ball pythons
  3 bats
  5 endoplasms
  2 giant cockroaches (D:2)
  2 goblins (D:1)
  A hobgoblin (D:1)
  2 frilled lizards (D:1)
  A rat (D:2)
30 creatures vanquished.

Grand Total: 63 creatures vanquished

Notes
Turn   | Place    | Note
-------+----------+-------------------------------------------
     0 | D:1      | Silwen1911 the Draconian Summoner began the quest for the
                  | Orb.
     0 | D:1      | Reached XP level 1. HP: 14/14 MP: 3/3
   359 | D:1      | Reached XP level 2. HP: 20/20 MP: 0/5
   376 | D:1      | Learned a level 2 spell: Call Imp
   940 | D:1      | Reached XP level 3. HP: 26/26 MP: 3/6
  1680 | D:2      | Noticed Natasha
  1718 | D:2      | Killed Natasha
  1719 | D:2      | Reached skill level 5 in Summonings
  1719 | D:2      | Reached XP level 4. HP: 30/33 MP: 0/8
  2200 | D:2      | Noticed Natasha
  2270 | D:3      | Killed Natasha
  2518 | D:3      | Reached skill level 1 in Throwing
  2518 | D:3      | Reached XP level 5. HP: 36/38 MP: 3/9
  2628 | D:3      | Noticed Natasha
  2685 | D:3      | Identified a scroll of acquirement
  2685 | D:3      | Acquired the amulet of Kutsaotz {RegenMP Str+3}
  2701 | D:3      | Killed Natasha
  2741 | D:3      | Found a runed translucent door.
  2893 | D:3      | Noticed Sigmund
  2903 | D:3      | Gained mutation: You are occasionally teleported next to
                  | monsters. [potion of mutation]
  2904 | D:3      | Lost mutation: You are occasionally teleported next to
                  | monsters. [potion of mutation]
  2904 | D:3      | Gained mutation: You are weak. (Str -2) [potion of
                  | mutation]
  2904 | D:3      | Gained mutation: Your flesh is heat resistant. (rF+)
                  | [potion of mutation]
  2917 | D:3      | Killed Sigmund
  2918 | D:3      | Reached XP level 6. HP: 31/46 MP: 9/11
  3066 | D:3      | Noticed jtron's ghost (weakling DESu)
  3203 | D:3      | HP: 2/46 [something/puff of flame (1)]
  3623 | D:3      | Noticed Grinder
  3636 | D:3      | Paralysed by Grinder for 2 turns
  3642 | D:3      | Paralysed by Grinder for 5 turns
  3668 | D:3      | Paralysed by Grinder for 5 turns
  3671 | D:3      | Slain by Grinder

Illustrated notes

Levels and vault maps discovered:
D:1:      minmay_arrival_radiant_lines, layout_loops_corners,
          minmay_misc_feat_roman
D:2:      layout_loops_ring, minmay_tetromino_s2, uniq_natasha
D:3:      layout_basic, gammafunk_ghost_grave, uniq_sigmund, uniq_grinder

Skill      XL: |  1  2  3  4 |
---------------+-------------+-----
Stealth        | 2 |  2.4
Summonings     | 5 |  5.6
Dodging        | 2 |  2.5
Spellcasting   | 3 |  3.5
Throwing       | 1 |  1.2
Fighting       | |  0.7
Axes           | |  0.6
Polearms       | |  0.5
Unarmed Combat | |  0.2

Action                     |  1- 3 |  4- 6 || total
---------------------------+-------+-------++-------
  Melee: Unarmed           |    21 |     9 ||    30
         Tailslap          |     4 |     4 ||     8
         Hand axe          |       |    17 ||    17
         Trident           |       |    24 ||    24
         Halberd           |       |    26 ||    26
  Throw: Dart              |    16 |     8 ||    24
   Cast: Summon Small Mamm |    30 |    10 ||    40
         Call Imp          |    16 |    16 ||    32
  Evoke: Wand              |       |     3 ||     3
    Use: Potion            |       |    12 ||    12
         Scroll            |       |     6 ||     6
   Stab: Sleeping          |       |     5 ||     5
 Armour: Skin              |     9 |    39 ||    48
  Dodge: Dodged            |    27 |    58 ||    85
